I wonder why Reakly hasn't uploaded this great game yet

Match 31131718
End
Royal Engineer Section
Construct Section Command Post
Selects Heavy Armor Battlegroup
Infantry Section
Infantry Section
Infantry Section
Construct Platoon Command Post
Humber Armored Car
Selects Rigorous Vehicle Training
Construct Field Infirmary
Infantry Training
6-pounder Anti-tank Gun Team
Grenade Package
ML 3-inch Mortar Team
Selects Crusader AA Medium Tank
Crusader AA Medium Tank
6-pounder Anti-tank Gun Team
Construct Company Command Post
Foot Guards Section
Selects Churchill Black Prince Heavy Tank
Churchill Black Prince Heavy Tank
Foot Guards Section
Royal Engineer Section
Selects Light Vehicle Withdraw and Refit
Selects Radio Net
Armored Vehicle Training
Selects Recon Artillery
Crusader II Medium Tank
Churchill Black Prince Heavy Tank
Crusader II Medium Tank
Radio Net
Royal Engineer Section
Royal Engineer Section
Reakly
FeriG
0
0

Comments sign in to comment!

IIGaryII 5 months ago

The poster smells sweet candy for COH lovers :) !! Hello FeriG and Reakly. Thanks you for this exchange. This "game" gonna show many things. You will not be disappointed !! My first word go to FeriG => Really really congrats for your resilience in this game !! And Reakly ... Damn it => You should have won this game. 20-25min was enough... So, look for tactics and strategies !! ... First, WM Side underpowered, blablabla, i don't want come back on that => Just look the result at the end of "middle game", a 100% winner game for UKF Side... ... Second, CoH3 a strategic game, also. Yes, yes, yes. "Early game" on the clock, FeriG focus the good side of New Pachino. Reakly focus the bad side. Too bad, for Reakly, good news, for FeriG. We will be able to see a "middle game"... ...Third, FeriG has not shown any flaws in his management of the game. On the other hand, Reakly is excellent in mechanics, but he can get lost in strategy. Ungrouped with using the front line to capture too often, Reakly gave a gift to FeriG, and he did not punish the imbalance that exists between the two armies in infantry combat => Royal engineer detector capture, while the army fights... ... Fourth, Fortunatly for Reakly, Humber was not really delayed by 180, and AA Crusader is a handyman !! FeriG wants to equilibrate fights with T3's Stummel, but the AT option is the PaK40 with this choice => Fixed Crew's PaK40 "take dinner" while all the WM frontline falls down => 1, 2, 3. Even FeriG, Top 3 on all CoH3 armies can do anything (Relic's Devs have some works ... maybe !?). So Reakly takes "fun" and a 100% winner options game, when FeriG need to think about StuG "D" option with WM Tank Doc(not "G")... ...5th, but FeriG does not give up :0, and Reakly does not understand the strategic issue at the end of "middle game" => Reakly have just "smoked" FeriG frontline, and scout 2 PaK40 and 1 StuG => This issue shows one thing : "No dangers for UKF soldiers and WM's destroyed map control and view". Reakly choose Mortar, second 6 Pounder, and let's accumulate his Manpower resources. This is the moment of this game. Here Reakly, +1, 2, 3 UKF Riflemen (litterally snipers with veteran, ideal to punish "rush option PzGrenadier", to jump on 6 numbers, and a little MG => Total "map control", 2v1 infantry fights, AT Grenades on StuG, Funny moments on PaK40 emergency retreat, 3 VP tickets. Well ... 100% you need to increase your "strategic feeling issues", my friend. Finish was so easy for you, I almost quit the replay !!! ... ...6th, well Reakly let's pass his opportunity. And FeriG rebuild a better frontline in number. "Late game" is here, now. And, WM are "overpowered" than UKF on this part. Brummbar replace the Stummel's plan, while Reakly choose Bazooka to face it. Aïe aïe aïe ... Specially in UKF, Bazooka is a worse choice to face strong armor of Brummbar and StuG. Critical issue, Guards boxing in the same Catenary as the veteran PzGrenadier with buff. And AT Grenade has been forgotten with a too poor number of UKF Riflemen. WM's FeriG arrive on the climax => 2 Brummbars on the field => Ungrouped too often, UKF infantry disappears, with "map control", and let's Churchill Black Prince alone... So, "GG WP" for FeriG, The patient and the resilience paid off. Reakly, does not forget "mind games" => When you create a gap, you must learn to see it and use it !! This "game" shows all of theses things ... Thanks you guys, again, for this "Top Game" on CoH3 !!! ;)

Ryxon 5 months ago

TY Gary again for your comments are as exciting as the entire game!

Reakly 5 months ago

bro was offended by my replays and as revenge posted a replay where ur oponent float 1000mp and u almost lost for OP units against weak brits 3500 iq in action

FeriG [U] 5 months ago

Upload replays that worth watching cause it was a close, great or crazy etc game or you upload something for educational purposes. Nobody wants to watch a pridepost that last for 10-15min that has no entertainment. You said you post replays cause you want to promote the game, then start to post games which are actually worth watching. You would do a favour to the casters too.